| TOP OF THE 1ST |
|
Minnesota Twins batting - Pitching for Chicago White Sox : RHP Ray Corbin
|
|
Pitching: RHP Ray Corbin
|
|
|
Batting: SHB Jerry Mumphrey
|
0-0: Called Strike 0-1: Ball 1-1: Fly out, F7 (Flyball, 7, EV 91.3 MPH)
|
|
Batting: RHB Tack Wilson
|
0-0: Swinging Strike 0-1: Ball 1-1: Foul Ball, location: 2F 1-2: Ground out 5-3 (Groundball, 5, EV 108.8 MPH)
|
|
Batting: RHB Larry Hisle
|
0-0: Ball 1-0: Ball 2-0: Called Strike 2-1: Ground out 6-3 (Groundball, 6S, EV 75.6 MPH)
|
| Top of the 1st over - 0 runs, 0 hits, 0 errors, 0 left on base; Minnesota 0 - Chicago 0 |
| BOTTOM OF THE 1ST |
|
Chicago White Sox batting - Pitching for Minnesota Twins : LHP Mauricio Valdivia
|
|
Pitching: LHP Mauricio Valdivia
|
|
|
Batting: SHB Ozzie Smith
|
0-0: Swinging Strike 0-1: Fly out, F9 (Flyball, 89D, EV 78.8 MPH)
|
|
Batting: LHB Rudy Law
|
0-0: Ball 1-0: Ground out 4-3 (Groundball, 34D, EV 81.9 MPH)
|
|
Batting: RHB Brian Downing
|
0-0: Ball 1-0: Ball 2-0: Called Strike 2-1: Swinging Strike 2-2: Foul Ball, location: 2F 2-2: Foul Ball, location: 2F 2-2: Ball 3-2: Base on Balls
|
|
Batting: RHB Kevin McReynolds
|
0-0: Ball 1-0: Ground out 4-3 (Groundball, 4, EV 85.6 MPH)
|
| Bottom of the 1st over - 0 runs, 0 hits, 0 errors, 1 left on base; Minnesota 0 - Chicago 0 |
| TOP OF THE 2ND |
|
Minnesota Twins batting - Pitching for Chicago White Sox : RHP Ray Corbin
|
|
Batting: RHB George Foster
|
0-0: Swinging Strike 0-1: Swinging Strike 0-2: Ball 1-2: Ball 2-2: Foul Ball, location: 2F 2-2: Ball 3-2: Strikes out swinging
|
|
Batting: LHB Kevin Christensen
|
0-0: Foul Ball, location: 2F 0-1: Ball 1-1: Ball 2-1: Swinging Strike 2-2: Ground out 4-3 (Groundball, 4, EV 97.5 MPH)
|
|
Batting: RHB Matt Cooper
|
0-0: Foul Ball, location: 2F 0-1: Ball 1-1: Ground out 5-3 (Groundball, 56S, EV 81.9 MPH)
|
| Top of the 2nd over - 0 runs, 0 hits, 0 errors, 0 left on base; Minnesota 0 - Chicago 0 |
| BOTTOM OF THE 2ND |
|
Chicago White Sox batting - Pitching for Minnesota Twins : LHP Mauricio Valdivia
|
|
Batting: SHB Dwayne Taggart
|
0-0: Ball 1-0: Ball 2-0: Called Strike 2-1: Ball 3-1: Base on Balls
|
|
Batting: LHB Ryan MacFarland
|
0-0: Sac Bunt to 2R - play at first, batter OUT! 2-3 Dwayne Taggart to second
|
|
Batting: RHB Jim Wynn
|
0-0: Ball 1-0: Ball 2-0: Foul Ball, location: 2F 2-1: Swinging Strike 2-2: Foul Ball, location: 2F 2-2: Strikes out swinging
|
|
Batting: RHB Jose Castro
|
0-0: Called Strike 0-1: Foul Ball, location: 2F 0-2: Fly out, F8 (Line Drive, 8RD, EV 91.9 MPH)
|
| Bottom of the 2nd over - 0 runs, 0 hits, 0 errors, 1 left on base; Minnesota 0 - Chicago 0 |
| TOP OF THE 3RD |
|
Minnesota Twins batting - Pitching for Chicago White Sox : RHP Ray Corbin
|
|
Batting: RHB Josh Lynn
|
0-0: DOUBLE (Flyball, 78D, EV 95.0 MPH)
|
|
Batting: SHB Tony Bernazard
|
0-0: Ball 1-0: Foul Ball, location: 2F 1-1: Ball 2-1: Foul Ball, location: 2F 2-2: Ball Wild Pitch! Josh Lynn to third 3-2: Foul Ball, location: 2F 3-2: Hit by Pitch
|
|
Batting: LHB Luis Alfaro
|
0-0: Ball 1-0: Called Strike 1-1: Ball Wild Pitch! Josh Lynn scores Tony Bernazard to second 2-1: Ground out 5-3 (Groundball, 5, EV 86.9 MPH)
|
|
Batting: SHB Jerry Mumphrey
|
0-0: Ball Tony Bernazard is caught stealing 3rd base 2-5 1-0: Swinging Strike 1-1: Called Strike 1-2: Ball 2-2: Foul Ball, location: 2F 2-2: Ball 3-2: SINGLE (Groundball, 34S, EV 66.3 MPH) (infield hit)
|
|
Batting: RHB Tack Wilson
|
0-0: Called Strike 0-1: Ball 1-1: Called Strike 1-2: Ball 2-2: Foul Ball, location: 2F 2-2: Foul Ball, location: 2F 2-2: Ball Jerry Mumphrey is caught stealing 2nd base 2-4
|
| Top of the 3rd over - 1 run, 2 hits, 0 errors, 0 left on base; Minnesota 1 - Chicago 0 |
| BOTTOM OF THE 3RD |
|
Chicago White Sox batting - Pitching for Minnesota Twins : LHP Mauricio Valdivia
|
|
Batting: RHB Brian Harper
|
0-0: Ball 1-0: Ground out 6-3 (Groundball, 6MS, EV 65.0 MPH)
|
|
Batting: SHB Ozzie Smith
|
0-0: Called Strike 0-1: Foul Ball, location: 2F 0-2: Foul Ball, location: 2F 0-2: Ball 1-2: Ball 2-2: Foul Ball, location: 2F 2-2: Ball 3-2: Foul Ball, location: 2F 3-2: Foul Ball, location: 2F 3-2: SINGLE (Flyball, 8RS, EV 91.3 MPH)
|
|
Batting: LHB Rudy Law
|
0-0: Ball Ozzie Smith steals 2nd base 1-0: Ball 2-0: Ball 3-0: Base on Balls
|
|
Batting: RHB Brian Downing
|
0-0: Ball 1-0: Foul Ball, location: 2F 1-1: Fly out, F9 (Flyball, 9S, EV 90.0 MPH)
|
|
Batting: RHB Kevin McReynolds
|
0-0: Called Strike 0-1: Foul Ball, location: 2F 0-2: Fly out, F9 (Line Drive, 9, EV 89.4 MPH)
|
| Bottom of the 3rd over - 0 runs, 1 hit, 0 errors, 2 left on base; Minnesota 1 - Chicago 0 |
| TOP OF THE 4TH |
|
Minnesota Twins batting - Pitching for Chicago White Sox : RHP Ray Corbin
|
|
Batting: RHB Tack Wilson
|
0-0: Ball 1-0: Swinging Strike 1-1: Ball 2-1: Ball 3-1: Ground out 5-3 (Groundball, 25, EV 65.6 MPH)
|
|
Pitching: RHP Dave S Smith
|
|
|
Batting: RHB Larry Hisle
|
0-0: Ball 1-0: Ball 2-0: SINGLE (Groundball, 34D, EV 103.1 MPH)
|
|
Batting: RHB George Foster
|
0-0: Called Strike 0-1: Ball 1-1: Called Strike Larry Hisle is caught stealing 2nd base 2-4 1-2: Ball 2-2: Ground out 6-3 (Groundball, 6, EV 103.1 MPH)
|
| Top of the 4th over - 0 runs, 1 hit, 0 errors, 0 left on base; Minnesota 1 - Chicago 0 |
| BOTTOM OF THE 4TH |
|
Chicago White Sox batting - Pitching for Minnesota Twins : LHP Mauricio Valdivia
|
|
Batting: SHB Dwayne Taggart
|
0-0: Called Strike 0-1: SINGLE (Line Drive, 89M, EV 103.8 MPH)
|
|
Batting: LHB Ryan MacFarland
|
0-0: Ball Wild Pitch! Dwayne Taggart to second 1-0: Swinging Strike 1-1: Fly out, F6 (Popup, 6MD, EV 69.4 MPH)
|
|
Batting: RHB Jim Wynn
|
0-0: Fly out, F9 (Flyball, 9, EV 73.8 MPH)
|
|
Batting: RHB Jose Castro
|
0-0: Called Strike 0-1: Ball 1-1: Called Strike 1-2: Ball 2-2: SINGLE (Groundball, 6MD, EV 101.9 MPH) Dwayne Taggart to third Runner from 3rd tries for Home, SAFE, throw by CF to home
|
|
Batting: RHB Brian Harper
|
0-0: Fielders Choice at 2nd, 6-4 (Groundball, 6, EV 83.8 MPH)
|
| Bottom of the 4th over - 1 run, 2 hits, 0 errors, 1 left on base; Minnesota 1 - Chicago 1 |
| TOP OF THE 5TH |
|
Minnesota Twins batting - Pitching for Chicago White Sox : RHP Dave S Smith
|
|
Batting: LHB Kevin Christensen
|
0-0: Ball 1-0: Foul Ball, location: 2F 1-1: Called Strike 1-2: Ball 2-2: Foul Ball, location: 2F 2-2: Ball 3-2: Ground out 3-1 (Groundball, 34, EV 83.8 MPH)
|
|
Batting: RHB Matt Cooper
|
0-0: DOUBLE (Groundball, 5L, EV 103.8 MPH)
|
|
Batting: RHB Josh Lynn
|
0-0: Ball 1-0: Called Strike 1-1: Fly out, F8 (Flyball, 89D, EV 73.1 MPH)
|
|
Batting: SHB Tony Bernazard
|
0-0: Ball 1-0: Fly out, F8 (Flyball, 89M, EV 86.9 MPH)
|
| Top of the 5th over - 0 runs, 1 hit, 0 errors, 1 left on base; Minnesota 1 - Chicago 1 |
| BOTTOM OF THE 5TH |
|
Chicago White Sox batting - Pitching for Minnesota Twins : LHP Mauricio Valdivia
|
|
Pitching: RHP David Roberts
|
|
|
Batting: SHB Ozzie Smith
|
0-0: Called Strike 0-1: Called Strike 0-2: Ball 1-2: Ball 2-2: Foul Ball, location: 2F 2-2: Foul Ball, location: 2F 2-2: Fly out, F9 (Flyball, 9, EV 87.5 MPH)
|
|
Batting: LHB Rudy Law
|
0-0: Called Strike 0-1: Ball 1-1: DOUBLE (Groundball, 3L, EV 108.1 MPH)
|
|
Batting: RHB Brian Downing
|
0-0: Called Strike Rudy Law steals 3rd base 0-1: Ball 1-1: Ball 2-1: Foul Ball, location: 2F 2-2: SINGLE (Groundball, 6M, EV 99.4 MPH) Rudy Law scores
|
|
Batting: RHB Kevin McReynolds
|
0-0: Called Strike 0-1: Called Strike 0-2: Fly out, F2 (Popup, 2LF, EV 89.4 MPH)
|
|
Batting: SHB Dwayne Taggart
|
0-0: Ball 1-0: Fielders Choice at 2nd, 6-4 (Groundball, 4M, EV 85.6 MPH)
|
| Bottom of the 5th over - 1 run, 2 hits, 0 errors, 1 left on base; Minnesota 1 - Chicago 2 |
| TOP OF THE 6TH |
|
Minnesota Twins batting - Pitching for Chicago White Sox : RHP Dave S Smith
|
|
Batting: LHB Luis Alfaro
|
0-0: Swinging Strike 0-1: Fly out, F9 (Flyball, 9D, EV 88.8 MPH)
|
|
Batting: SHB Jerry Mumphrey
|
0-0: Foul Ball, location: 2F 0-1: Called Strike 0-2: Ball 1-2: Strikes out swinging
|
|
Batting: RHB Tack Wilson
|
0-0: Ground out 6-3 (Groundball, 6, EV 79.4 MPH)
|
| Top of the 6th over - 0 runs, 0 hits, 0 errors, 0 left on base; Minnesota 1 - Chicago 2 |
| BOTTOM OF THE 6TH |
|
Chicago White Sox batting - Pitching for Minnesota Twins : RHP David Roberts
|
|
Batting: LHB Ryan MacFarland
|
0-0: Called Strike 0-1: Ball 1-1: Ground out 1-3 (Groundball, 13, EV 66.3 MPH)
|
|
Batting: RHB Jim Wynn
|
0-0: Called Strike 0-1: Swinging Strike 0-2: Foul Ball, location: 2F 0-2: Foul Ball, location: 2F 0-2: Foul Ball, location: 2F 0-2: Ball 1-2: Strikes out looking
|
|
Batting: RHB Jose Castro
|
0-0: Ball 1-0: Called Strike 1-1: Called Strike 1-2: Strikes out swinging
|
| Bottom of the 6th over - 0 runs, 0 hits, 0 errors, 0 left on base; Minnesota 1 - Chicago 2 |
| TOP OF THE 7TH |
|
Minnesota Twins batting - Pitching for Chicago White Sox : RHP Dave S Smith
|
|
Batting: RHB Larry Hisle
|
0-0: Called Strike 0-1: Ball 1-1: Swinging Strike 1-2: Ball 2-2: Foul Ball, location: 2F 2-2: Strikes out swinging
|
|
Batting: RHB George Foster
|
0-0: Ball 1-0: Called Strike 1-1: Ground out 5-3 (Groundball, 5, EV 90.0 MPH)
|
|
Batting: LHB Kevin Christensen
|
0-0: Called Strike 0-1: Fly out, F9 (Flyball, 9D, EV 87.5 MPH)
|
| Top of the 7th over - 0 runs, 0 hits, 0 errors, 0 left on base; Minnesota 1 - Chicago 2 |
| BOTTOM OF THE 7TH |
|
Chicago White Sox batting - Pitching for Minnesota Twins : RHP David Roberts
|
|
Batting: RHB Brian Harper
|
0-0: Ground out 4-3 (Groundball, 4, EV 101.9 MPH)
|
|
Pinch Hitting: RHB Tim Teufel
|
0-0: Called Strike 0-1: Ground out 6-3 (Groundball, 6, EV 105.6 MPH)
|
|
Pinch Hitting: SHB Kevin King
|
0-0: Foul Ball, location: 2F 0-1: Called Strike 0-2: Ball 1-2: Ball 2-2: Fly out, F8 (Flyball, 8RD, EV 89.4 MPH)
|
| Bottom of the 7th over - 0 runs, 0 hits, 0 errors, 0 left on base; Minnesota 1 - Chicago 2 |
| TOP OF THE 8TH |
|
Minnesota Twins batting - Pitching for Chicago White Sox : RHP Dave S Smith
|
|
Pitching: RHP Dave Stewart
|
|
|
Now at 2B: Mike Heath
|
|
|
Now in LF: Mitchell Page
|
|
|
Now in CF: Kevin King
|
|
|
Batting: RHB Matt Cooper
|
0-0: Called Strike 0-1: Ball 1-1: Ball 2-1: Fly out, F9 (Flyball, 89S, EV 93.1 MPH)
|
|
Batting: RHB Josh Lynn
|
0-0: Ball 1-0: Called Strike 1-1: Ball 2-1: Ground out 6-3 (Groundball, 6S, EV 88.1 MPH)
|
|
Batting: SHB Tony Bernazard
|
0-0: Ball 1-0: Called Strike 1-1: Ball 2-1: Fly out, F7 (Flyball, 7LS, EV 91.9 MPH)
|
| Top of the 8th over - 0 runs, 0 hits, 0 errors, 0 left on base; Minnesota 1 - Chicago 2 |
| BOTTOM OF THE 8TH |
|
Chicago White Sox batting - Pitching for Minnesota Twins : RHP David Roberts
|
|
Batting: RHB Steve Henderson
|
0-0: Foul Ball, location: 2F 0-1: Fly out, F8 (Line Drive, 8LD, EV 86.3 MPH)
|
|
Pitching: LHP Randy Niemann
|
|
|
Batting: LHB Mitchell Page
|
0-0: Ground out 4-3 (Groundball, 4, EV 80.6 MPH)
|
|
Pinch Hitting: RHB Mike A Marshall
|
0-0: Called Strike 0-1: Ball 1-1: Ball 2-1: Ball 3-1: Fly out, F9 (Flyball, 9LM, EV 94.4 MPH)
|
| Bottom of the 8th over - 0 runs, 0 hits, 0 errors, 0 left on base; Minnesota 1 - Chicago 2 |
| TOP OF THE 9TH |
|
Minnesota Twins batting - Pitching for Chicago White Sox : RHP Dave Stewart
|
|
Now at 1B: Mike A Marshall
|
|
|
Pinch Hitting: LHB Lloyd Moseby
|
0-0: Foul Ball, location: 2F 0-1: Ball 1-1: Ball 2-1: Ball 3-1: Swinging Strike 3-2: Foul Ball, location: 2F 3-2: Base on Balls
|
|
Pinch Hitting: LHB Eloy Escobedo
|
0-0: Ball 1-0: Sac Bunt to 13S - play at first, batter OUT! 1-4 Lloyd Moseby to second
|
|
Pinch Hitting: LHB Ken Oberkfell
|
0-0: Foul Ball, location: 2F 0-1: Ball 1-1: Called Strike 1-2: Ball 2-2: Ball 3-2: Base on Balls
|
|
Pitching: RHP Rex Jackson
|
|
|
Pinch Hitting: RHB Brook Jacoby
|
0-0: Called Strike 0-1: Foul Ball, location: 2F 0-2: Foul Ball, location: 2F 0-2: Foul Ball, location: 2F 0-2: Ball 1-2: Fly out, F8 (Flyball, 8RM, EV 90.0 MPH)
|
|
Pinch Hitting: RHB Chet Lemon
|
0-0: Ball 1-0: Foul Ball, location: 2F 1-1: Called Strike 1-2: Foul Ball, location: 2F 1-2: Ball 2-2: Ball 3-2: Fly out, F7 (Flyball, 7, EV 92.5 MPH)
|
| Top of the 9th over - 0 runs, 0 hits, 0 errors, 2 left on base; Minnesota 1 - Chicago 2 |
|